 Dungeon Crawl Stone Soup version 0.29.1-15-g9cfb28693d (webtiles) character file.

Game seed: 5268756271340800209

45 protoss039 the Digger (level 3, 0/26 HPs)
             Began as a Demonspawn Earth Elementalist on Mar 14, 2023.
             Slain by a frilled lizard (1 damage)
             ... on level 2 of the Dungeon.
             The game lasted 00:01:18 (1311 turns).

protoss039 the Digger (DsEE)                        Turns: 1311, Time: 00:01:18

Health: 0/26       AC:  5    Str:  8    XL:     3   Next: 42%
Magic:  0/6        EV: 10    Int: 18    God:
Gold:   47         SH:  0    Dex: 13    Spells: 4/7 levels left

rFire   . . .      SeeInvis .   g - +0 whip
rCold   . . .      Faith    .   (no shield)
rNeg    . . .      Spirit   .   l - +0 ring mail
rPois   .          Reflect  .   (no helmet)
rElec   .          Harm     .   (no cloak)
rCorr   .          Rampage  .   (no gloves)
Will    .....                   (no boots)
Stlth   +.........              (no amulet)
HPRegen 0.08/turn               (no ring)
MPRegen 0.10/turn               (no ring)

@: very slightly contaminated
A: hooves 1
a: no special abilities


You were on level 2 of the Dungeon.
You visited 1 branch of the dungeon, and saw 2 of its levels.

You collected 47 gold pieces.

Inventory:

Hand Weapons
 g - a +0 whip (weapon)
Armour
 l - a +0 ring mail (worn)
Scrolls
 c - a scroll of enchant armour {unknown}
 d - 2 scrolls of identify {unknown}
 e - 3 scrolls of teleportation {unknown}
 f - a scroll of torment {unknown}
 i - a scroll of fog {unknown}
 k - a scroll of fear {unknown}
 m - a scroll of poison {unknown}
Potions
 a - 2 potions of curing
 b - a potion of magic
 h - a potion of resistance {unknown}
 j - 2 potions of heal wounds {unknown}


   Skills:
 + Level 1.6 Fighting
 - Level 1.7 Dodging
 - Level 1.7 Stealth
 + Level 2.6 Spellcasting
 - Level 0.8 Transmutations
 + Level 3.2 Earth Magic


You had 4 spell levels left.
You knew the following spells:

 Your Spells              Type           Power      Damage    Failure   Level
a - Sandblast             Erth           28%        2d8       14%         1
b - Passwall              Tmut/Erth      7%         N/A       34%         2

Your spell library contained the following spells:

 Spells                   Type           Power      Damage    Failure   Level
 Apportation              Tloc           4%         N/A       47%         1
 Stone Arrow              Conj/Erth      16%        3d8       63%         3
 Summon Guardian Golem    Hex/Summ       2%         N/A       85%         3
 Petrify                  Tmut/Erth      9%         N/A       92%         4
 Alistair's Intoxication  Tmut/Pois      2%         N/A       100%        5
 Orb of Destruction       Conj           1%         9d5       100%        7
 Spellforged Servitor     Conj/Summ      1%         N/A       100%        7


Dungeon Overview and Level Annotations

Branches:
Dungeon (2/15) Zot: 10672

Altars:

Annotations:
D:2 Sigmund


Innate Abilities, Weirdness & Mutations

You have large cloven feet.


Message History

The blast of sand hits something.
You hear some strange, mumbled words.
You are confused.
You're too confused to cast spells.
Something hits you.
Unknown command.
The frilled lizard bites you.
* * * LOW HITPOINT WARNING * * *
You hear some strange, mumbled words.
You are more confused.
Unknown command.
You closely miss the frilled lizard. Your kick misses the frilled lizard.
The frilled lizard misses you. Something hits you but does no damage.
Unknown command.
The frilled lizard attacks as you move away!
The frilled lizard bites you.
* * * LOW HITPOINT WARNING * * *
It was a potion of curing.
You feel better.
The frilled lizard unfolds its giant frill.
The frilled lizard closely misses you.
Unknown command.
The frilled lizard attacks as you move away!
The frilled lizard barely misses you.
A puff of flame appears from out of thin air!
The puff of flame hits you!
* * * LOW HITPOINT WARNING * * *
You see here a +0 club.
Casting: Sandblast (safe; 14% risk of failure)
Confirm with . or Enter, or press ? or * to list all spells.
Aiming: Sandblast (safe; 14% risk of failure)
Press: ? - help, Shift-Dir - straight line, f - frilled lizard
Aim: a frilled lizard (70% to hit)
You miscast Sandblast.
You are very lightly contaminated with residual magic.
Nothing appears to happen.
The frilled lizard bites you.
* * * LOW HITPOINT WARNING * * *
You closely miss the frilled lizard. Something hits you.
* * * LOW HITPOINT WARNING * * *
The frilled lizard misses you. The frilled lizard bites you.
You die...

...........# ######.....###
...........# #.....'.+
..........# ##### #.....###
#......# #....# #.....###
####......###....# #[.......
#.......)........# #.....###
#.......).###....# #.....#
#>........###....# #.....#
...........l@.....# #######
......####.##.....##
......+............##########
......##.###.......†.).......
.... #.....#....###.#######
#..####....# #........ #.
#....# ######..# . ######
#... #.#.


You could see a frilled lizard.

Vanquished Creatures
  2 adders (D:2)
  A worm (D:2)
  2 bats
  An endoplasm (D:1)
  A giant cockroach (D:1)
  2 goblins
  A hobgoblin (D:1)
  2 jackals (D:1)
  3 quokkas
  A frilled lizard (D:1)
  3 kobolds (D:2)
  4 rats
23 creatures vanquished.

Notes
Turn   | Place    | Note
-------+----------+-------------------------------------------
     0 | D:1      | protoss039 the Demonspawn Earth Elementalist began the
                  | quest for the Orb.
     0 | D:1      | Reached XP level 1. HP: 13/13 MP: 3/3
   275 | D:1      | Gained mutation: You have large cloven feet. [demonic
                  | ancestry]
   275 | D:1      | Reached XP level 2. HP: 17/20 MP: 1/5
   423 | D:1      | Reached skill level 1 in Fighting
   456 | D:1      | Reached skill level 3 in Earth Magic
   812 | D:1      | Learned a level 2 spell: Passwall
   896 | D:2      | Reached XP level 3. HP: 14/26 MP: 1/6
  1295 | D:2      | Noticed Sigmund
  1311 | D:2      | HP: 1/26 [something (4)]
  1311 | D:2      | Slain by a frilled lizard

Illustrated notes

Levels and vault maps discovered:
D:1:      dpeg_arrival_refuge, layout_basic, minivault_14, nicolae_titane
D:2:      layout_basic, basic_altar, uniq_sigmund, uniq_terence

Skill      XL: |  1  2 |
---------------+-------+-----
Fighting       | 1 |  1.6
Earth Magic    | 3 |  3.2
Dodging        | |  1.7
Stealth        | |  1.7
Spellcasting   | |  2.6
Transmutations | |  0.8

Action                   || total
-------------------------++-------
Melee: Whip              ||    17
       Unarmed           ||     1
       Kick              ||     3
 Cast: Sandblast         ||    30
  Use: Potion            ||     1
Armor: Robe              ||     1
       Ring mail         ||    11
Dodge: Dodged            ||    17
